 Dungeon Crawl Stone Soup version 0.13-a0-2305-ge00d11d (webtiles) character file.

206 Kae the Firebug (level 4, -6/24 HPs)
             Began as a Tengu Fire Elementalist on July 9, 2013.
             Killed from afar by an orc wizard (10 damage)
             ... with a puff of flame
             ... on Level 2 of the Dungeon.
             The game lasted 00:02:09 (2350 turns).

Kae the Firebug (Tengu Fire Elementalist)           Turns: 2350, Time: 00:02:09

HP  -6/24        AC  3     Str  8      XL: 4   Next: 38%
MP   3/8         EV 12     Int 16      God:
Gold 127         SH  0     Dex 15      Spells:  1 memorised,  5 levels left

Res.Fire  : . . .   See Invis. : .   n - +0 trident
Res.Cold  : . . .   Warding    : .   a - +0 robe
Life Prot.: . . .   Conserve   : .   (no shield)
Res.Poison: .       Res.Corr.  : .   (helmet restricted)
Res.Elec. : .       Clarity    : .   (no cloak)
Sust.Abil.: . .     Spirit.Shd : .   q - +0 pair of gauntlets
Res.Mut.  : .       Stasis     : .   (boots unavailable)
Res.Rott. : .       Flight     : .   (no amulet)
Saprovore : . . .                    (no ring)
                                     (no ring)

@: slightly resistant to hostile enchantments, fairly stealthy
A: beak, talons 3
a: no special abilities


You were on level 2 of the Dungeon.
You were near starving.

You visited 1 branch of the dungeon, and saw 3 of its levels.

You collected 107 gold pieces.

Inventory:

Hand weapons
 n - a +0,+0 trident (weapon)
Armour
 a - a +0 robe (worn)
 q - a +0 pair of gauntlets (worn)
Comestibles
 c - 2 bread rations
 d - a choko
 f - 2 meat rations
 m - a pear
Scrolls
 e - a scroll of magic mapping {unknown}
 h - a scroll of enchant weapon II {unknown}
 i - 2 scrolls of enchant weapon I {unknown}
 j - a scroll of recharging {unknown}
 o - 2 scrolls of teleportation {unknown}
 p - a scroll of identify {unknown}
 s - a scroll of enchant armour {unknown}
Potions
 g - 3 potions of curing {unknown}
 k - 2 potions of agility {unknown}
 l - a potion of restore abilities {unknown}
 r - a potion of poison {unknown}
Books
 b - a book of Flames

   Spells                             Type                      Level
   *Flame Tongue                      Conjuration/Fire             1
   Throw Flame                        Conjuration/Fire             2
   Conjure Flame                      Conjuration/Fire             3
   Inner Flame                        Hexes/Fire                   3
   Sticky Flame                       Conjuration/Fire             4
   Fireball                           Conjuration/Fire             5


   Skills:
 - Level 2.1 Dodging
 - Level 2.0 Stealth
 + Level 1.7 Spellcasting
 * Level 3.6 Conjurations
 * Level 4.2 Fire Magic


You had 5 spell levels left.
You knew the following spells:

 Your Spells              Type           Power        Failure   Level  Hunger
a - Flame Tongue          Conj/Fire      ##...        6%          1    ##.....


Dungeon Overview and Level Annotations

Branches:
Dungeon (3/27)

Altars:


Innate Abilities, Weirdness & Mutations

You have a beak for a mouth.
You have claws for feet.


Message History

* * * LOW HITPOINT WARNING * * *
Casting: Flame Tongue
Confirm with . or Enter, or press ? or * to list all spells.
Aiming: Flame Tongue
Press: ? - help, Shift-Dir - straight line, f/p - orc wizard
Aim: an orc wizard, wielding an orcish dagger and wearing an orcish robe (severely wounded, moving very quickly)
The flame hits the orc wizard.
The orc wizard is almost dead.
The orc wizard barely misses you. The rat bites you but does no damage.
Casting: Flame Tongue
Confirm with . or Enter, or press ? or * to list all spells.
Aiming: Flame Tongue
Press: ? - help, Shift-Dir - straight line, f/p - orc wizard
Aim: an orc wizard, wielding an orcish dagger and wearing an orcish robe (almost dead, moving very quickly)
The flame misses the orc wizard.
The orc wizard hits you with an orcish dagger.
* * * LOW HITPOINT WARNING * * *
The orc wizard casts a spell at you. The puff of flame hits you!
You die...

####### #######
#.....#############......
#.....##..........#......
#.....##..........#......
#.....##..........#......
#.....'.@o........'......
#.^...##.r........#......
#.....##......%...#......
#.....##..........###..(.
#.....##.#'######## #....
#.######.#.# #....
#.######.#.# #....
########......#.#.# #....
#.............#+#.# #....


You could see an orc wizard and a rat.

Vanquished Creatures
  3 gnolls (D:2)
  An adder (D:2)
  An ooze (D:1)
  5 bats
  2 giant cockroaches (D:2)
  9 goblins
  6 hobgoblins
  2 kobolds (D:1)
  A quokka (D:2)
  5 giant newts
  6 rats
41 creatures vanquished.

Notes
Turn   | Place    | Note
--------------------------------------------------------------
     0 | D:1      | Kae, the Tengu Fire Elementalist, began the quest for the Orb.
     0 | D:1      | Reached XP level 1. HP: 10/10 MP: 3/3
   224 | D:1      | Reached XP level 2. HP: 4/15 MP: 1/5
  1305 | D:2      | Reached XP level 3. HP: 19/19 MP: 6/6
  1520 | D:2      | Reached skill level 4 in Fire Magic
  1953 | D:2      | Reached XP level 4. HP: 24/24 MP: 5/8
  2350 | D:2      | Killed from afar by an orc wizard

Action                   |  1- 3 |  4- 6 || total
-------------------------+-------+-------++-------
Melee: Unarmed           |    34 |       ||    34
       Trident           |    40 |     4 ||    44
 Cast: Flame Tongue      |    31 |    13 ||    44
 Stab: Distracted        |     1 |       ||     1
